 Dungeon Sprint DCSS version 0.30-a0-51-g784eafce7f (webtiles) character file.

Game seed: 7906537193903497945

1253 Zeld the Cleaver (level 8, 0/52 (80) HPs)
             Began as a Minotaur Berserker on Sept 6, 2022.
             Was a Priest of Trog.
             Slain by Sonja
             ... wielding a +2 dagger of draining
              (11 damage)
             ... in the Dungeon (Sprint I: "Red Sonja").
             The game lasted 00:01:24 (1065 turns).

Zeld the Cleaver (Minotaur Berserker)               Turns: 1065, Time: 00:01:25

HP:   0/52 (80)     AC:  2    Str: 25    XL:     8   Next: 26%
MP:   7/7           EV: 14    Int:  4    God:    Trog [***...]
Gold: 186           SH:  0    Dex:  9    Spells: 7/7 levels left

rFire   . . .      SeeInvis .    a - +0 hand axe
rCold   . . .      Faith    .    (no shield)
rNeg    . . .      Spirit   .    b - +0 animal skin
rPois   .          Reflect  .    (helmet restricted)
rElec   .          Harm     .    (no cloak)
rCorr   .          Rampage  .    (no gloves)
Will    .....      NoTele   +    (no boots)
Stlth   +.........               (no amulet)
HPRegen 0.17/turn                (no ring)
MPRegen 0.10/turn                (no ring)

@: on berserk cooldown, slowed, very heavily drained, very slow
A: horns 2, retaliatory headbutt
a: Renounce Religion, Berserk, Trog's Hand


You were in the Dungeon.
You worshipped Trog.
Trog was most pleased with you.
You visited 1 branch You collected 423 gold pieces.
You spent 237 gold pieces at shops.

Inventory:

Hand Weapons
 a - a +0 hand axe (weapon)
Armour
 b - a +0 animal skin (worn)
Wands
 i - a wand of polymorph (9)
Scrolls
 h - a scroll of blinking
Potions
 e - a potion of haste
 f - 2 potions of magic
 g - a potion of berserk rage


   Skills:
 + Level 10.5 Fighting
 * Level 14.1 Axes
 + Level 10.2 Armour
 + Level 9.3 Dodging


You had 7 spell levels left.
You didn't know any spells.
Your spell library was empty.

Dungeon Overview and Level Annotations

Branches:
Dungeon (1/1)

Altars:
Cheibriados
Dithmenos
Elyvilon
Fedhas
Gozag
Hepliaklqana
Kikubaaqudgha
Makhleb
Nemelex Xobeh
Okawaru
Qazlal
Ru
Sif Muna
Trog
Uskayaw
Vehumet
Wu Jian
Xom
Yredelemnul
Zin
The Shining One
Jiyva
Lugonu

Shops:
D [

Annotations:
D Sonja


Innate Abilities, Weirdness & Mutations

You have a pair of horns on your head.
You reflexively headbutt those who attack you in melee.


Message History

Sonja hits you with a +2 dagger of draining!
You feel drained.
You closely miss Sonja.
Sonja hits you with a +2 dagger of draining!
You feel drained. Sonja closely misses you.
Sonja hits you with a +2 dagger of draining.
You feel drained.
You miss Sonja.
Sonja hits you with a +2 dagger of draining.
You feel drained.
Sonja hits you with a +2 dagger of draining.
You feel drained. Sonja misses you.
You feel better.
Sonja hits you with a +2 dagger of draining!
You feel drained.
Sonja hits you with a +2 dagger of draining.
* * * LOW HITPOINT WARNING * * *
You feel drained.
* * * LOW HITPOINT WARNING * * *
Sonja hits you but does no damage.
You feel drained. Sonja hits you but does no damage.
You feel drained.
Sonja hits you with a +2 dagger of draining.
* * * LOW HITPOINT WARNING * * *
You feel drained.
* * * LOW HITPOINT WARNING * * *
Sonja hits you with a +2 dagger of draining.
* * * LOW HITPOINT WARNING * * *
You feel drained.
* * * LOW HITPOINT WARNING * * *
Unknown command.
You feel much better. Sonja barely misses you.
Sonja hits you with a +2 dagger of draining.
You feel drained.
Sonja hits you with a +2 dagger of draining!
* * * LOW HITPOINT WARNING * * *
You feel drained.
* * * LOW HITPOINT WARNING * * *
Sonja shouts, "Some dancing partner you are!"
Sonja hits you with a +2 dagger of draining!
You die...

#..#####+#####'#__####...+
#..####..#...#.#### #####
#..#__####..##.#
#..#_____##'#_.+
#⌠⌠#_.∩.[.÷..._#
####_..__##_.#'#
#_____###'#[#
#########K###


+$@$+ #$.$# ##.## #+# You could see Sonja.

Vanquished Creatures
  2 kobold demonologists (D)
  A slime creature (D)
  Sigmund (D)
  A yak (D)
  A floating eye (D)
  An ogre (D)
  A jelly (D)
  Ijyb (D)
9 creatures vanquished.

Notes
Turn   | Place    | Note
-------+----------+-------------------------------------------
     0 | D        | Zeld the Minotaur Berserker began the quest for the Orb.
     0 | D        | Reached XP level 1. HP: 19/19 MP: 0/0
     2 | D        | Noticed Ijyb
     9 | D        | Killed Ijyb
    10 | D        | Reached skill level 5 in Axes
    10 | D        | Reached XP level 2. HP: 28/28 MP: 1/1
   168 | D        | Noticed an ogre
   174 | D        | Killed an ogre
   175 | D        | Reached skill level 7 in Axes
   175 | D        | Reached skill level 5 in Armour
   175 | D        | Reached XP level 3. HP: 35/37 MP: 2/2
   175 | D        | Reached XP level 4. HP: 42/44 MP: 3/3
   313 | D        | Noticed Sigmund
   352 | D        | Killed Sigmund
   352 | D        | Reached ** piety under Trog
   353 | D        | Reached skill level 10 in Axes
   353 | D        | Reached XP level 5. HP: 21/52 MP: 4/4
   353 | D        | Reached XP level 6. HP: 24/60 MP: 5/5
   619 | D        | Found an ornate altar of the Wu Jian Council.
   619 | D        | Found a shimmering blue altar of Sif Muna.
   621 | D        | Found a radiant altar of Vehumet.
   702 | D        | Found Ynyd's Antique Armour Emporium.
   702 | D        | Found an ancient bone altar of Kikubaaqudgha.
   702 | D        | Found a hazy altar of Hepliaklqana.
   702 | D        | Found a stormy altar of Qazlal.
   702 | D        | Found a hide-covered altar of Uskayaw.
   702 | D        | Found a blossoming altar of Fedhas.
   702 | D        | Found a bloodstained altar of Trog.
   702 | D        | Found an iron altar of Okawaru.
   702 | D        | Found a basalt altar of Yredelemnul.
   702 | D        | Found a glowing golden altar of the Shining One.
   702 | D        | Found a snail-covered altar of Cheibriados.
   702 | D        | Found a sacrificial altar of Ru.
   702 | D        | Found a glowing silver altar of Zin.
   702 | D        | Found a shadowy altar of Dithmenos.
   702 | D        | Found a white marble altar of Elyvilon.
   702 | D        | Noticed a yak
   708 | D        | Killed a yak
   709 | D        | Reached skill level 11 in Axes
   709 | D        | Found an opulent altar of Gozag.
   711 | D        | Found a sparkling altar of Nemelex Xobeh.
   739 | D        | Bought a bronze chain mail for 237 gold pieces
   739 | D        | Identified the +1 chain mail "Epoo" {rF- rN++ Will+} (You
                  | bought it in a shop in the Dungeon)
   891 | D        | Found a burning altar of Makhleb.
   891 | D        | Found a viscous altar of Jiyva.
   891 | D        | Found a shimmering altar of Xom.
   891 | D        | Found a corrupted altar of Lugonu.
   891 | D        | Noticed a slime creature
   901 | D        | Killed a slime creature
   902 | D        | Reached skill level 12 in Axes
   902 | D        | Reached XP level 7. HP: 70/70 MP: 6/6
   980 | D        | Noticed a kobold demonologist
   980 | D        | Noticed a kobold demonologist
   987 | D        | Killed a kobold demonologist
   987 | D        | Reached *** piety under Trog
   988 | D        | Reached skill level 10 in Fighting
   988 | D        | Reached skill level 13 in Axes
   988 | D        | Reached XP level 8. HP: 79/79 MP: 7/7
   993 | D        | Killed a kobold demonologist
   994 | D        | Reached skill level 14 in Axes
   994 | D        | Reached skill level 10 in Armour
  1051 | D        | Noticed Sonja
  1065 | D        | Slain by Sonja

Illustrated notes

Levels and vault maps discovered:
D:        dungeon_sprint_1 [red_sonja_temple_1, red_sonja_temple_small_1]

Skill      XL: |  1  2  3  4  5  6  7  8 |
---------------+-------------------------+-----
Fighting       | 4 6 7 9 10 | 10.5
Axes           | 5 7 10 12 13 14 | 14.1
Armour         | 3 5 7 8 9 10 | 10.2
Dodging        | 3 4 6 8 9 |  9.3

Action                   |  1- 3 |  4- 6 |  7- 9 || total
-------------------------+-------+-------+-------++-------
Melee: Hand axe          |    11 |    16 |    15 ||    42
       Headbutt          |     1 |     4 |     2 ||     7
       Unarmed           |       |    10 |       ||    10
Invok: Berserk           |     2 |     4 |     2 ||     8
  Use: Potion            |       |       |     2 ||     2
Armor: Skin              |       |     4 |       ||     4
       Animal skin       |       |       |     2 ||     2
Dodge: Dodged            |     1 |    24 |    11 ||    36

Table legend: (Time is in decaauts)
 A = Elapsed time spent in this place.
 B = Non-inter-level travel time spent in this place.
 C = Inter-level travel time spent in this place.
 D = Time resting spent in this place.
 E = Time spent auto-exploring this place.
 F = Levels seen in this place.
 G = Mean time per level.
                   A        B        C        D        E       F      G
               +--------+--------+--------+--------+--------+-----+--------+
         Total |   1125 |   1125 |      0 |    917 |      0 |   1 | 1125.0 |
       Dungeon |   1125 |   1125 |      0 |    917 |      0 |   1 | 1125.0 |
               +--------+--------+--------+--------+--------+-----+--------+

Top non-repeatable levels by time:
       D: 1125 daAuts
